 Dungeon Crawl Stone Soup version 0.16.2-12-gd0ad4c3 (webtiles) character file.

340 faibistes the Magician (level 6, -18/32 HPs)
             Began as a Deep Elf Wizard on Jan 2, 2018.
             Demolished by an ogre
             ... wielding a +0 giant club
              (30 damage)
             ... on level 5 of the Dungeon.
             The game lasted 00:07:56 (3756 turns).

faibistes the Magician (Deep Elf Wizard)            Turns: 3756, Time: 00:07:56

Health: -18/32     AC:  2    Str:  4    XL:     6   Next: 30%
Magic:  29/31      EV: 14    Int: 25    God:
Gold:   203        SH:  0    Dex: 13    Spells: 6 memorised, 5 levels left

rFire  . . .     SeeInvis .     k - +1 dagger
rCold  . . .     Clarity  .     a - +0 robe
rNeg   . . .     SustAb   .     (no shield)
rPois  .         Gourm    .     b - +0 hat
rElec  .         Spirit   .     (no cloak)
rCorr  .         Warding  .     (no gloves)
rMut   .         Stasis   .     (no boots)
MR     .....                    (no amulet)
Stlth  ++........               (no ring)
                                w - ring of magical power

@: not resistant to hostile enchantments, unstealthy
A: no striking features
a: no special abilities


You were on level 5 of the Dungeon.
You were hungry.

You visited 1 branch of the dungeon, and saw 5 of its levels.

You collected 203 gold pieces.

Inventory:

Hand weapons
 i - a +0 club
 k - a +1 dagger (weapon)
 B - a +3 spear
Armour
 a - a +0 robe (worn)
 b - a +0 hat (worn)
Jewellery
 w - a ring of magical power (left hand)
Magical devices
 y - a wand of fireball (3)
 A - a wand of enslavement (6)
 D - a wand of enslavement (10)
Scrolls
 e - 2 scrolls of identify {unknown}
 j - 3 scrolls of remove curse {unknown}
 l - 2 scrolls of noise {unknown}
 p - 2 scrolls of enchant weapon
 q - 2 scrolls of enchant armour {unknown}
 r - 3 scrolls of teleportation
 s - a scroll of amnesia {unknown}
 t - 2 scrolls of recharging {unknown}
 u - a scroll of fog {unknown}
 v - 2 scrolls of fear {unknown}
Potions
 f - a potion of cure mutation {unknown}
 g - 2 potions of agility
 m - 2 potions of magic {unknown}
 n - a potion of brilliance {unknown}
 o - a potion of restore abilities {unknown}
 x - 2 potions of heal wounds {unknown}
Books
 c - a book of Minor Magic

   Spells                             Type                      Level
   a - Magic Dart                     Conjuration                  1
   b - Blink                          Translocation                2
   c - Call Imp                       Summoning                    2
   d - Repel Missiles                 Charms/Air                   2
   e - Slow                           Hexes                        2
   f - Conjure Flame                  Conjuration/Fire             3
   g - Mephitic Cloud                 Conjuration/Poison/Air       3
Comestibles
 d - a bread ration
 h - 2 meat rations
 C - a beef jerky


   Skills:
 * Level 0.2 Fighting
 + Level 4.4 Dodging
 - Level 2.4 Stealth
 * Level 6.6 Spellcasting
 - Level 3.8 Conjurations
 - Level 1.1 Summonings
 - Level 2.5 Translocations
 + Level 0.0 Evocations


You had 5 spell levels left.
You knew the following spells:

 Your Spells              Type           Power        Failure   Level  Hunger
a - Magic Dart            Conj           ####         1%          1    None
b - Conjure Flame         Conj/Fire      ###.....     12%         3    None
c - Call Imp              Summ           ##......     10%         2    None
d - Blink                 Tloc           N/A          4%          2    None
e - Mephitic Cloud        Conj/Pois/Air  ##......     14%         3    None
f - Repel Missiles        Chrm/Air       #.....       12%         2    None


Dungeon Overview and Level Annotations

Branches:
Dungeon (5/15)
 Temple: D:4-7

Altars:
Makhleb


Message History

You start resting.
Your magical contamination has completely faded away.
You start resting.
HP restored.
Things that are here:
a dagger; a kobold corpse Eat which item? (? for menu, Esc to quit)
Okay, then.
There is a stone staircase leading down here.
You start resting.
Magic restored.
You climb downwards.
The giant gecko zombie bites you. The ogre hits you with a giant club!
The goblin hits you with a dagger. The giant gecko zombie misses you.
There is a stone staircase leading up, spattered with blood here.
You see here 3 stones.
Casting: Magic Dart
Confirm with . or Enter, or press ? or * to list all spells.
You blink.
The ogre hits you with a giant club!!
Ouch! That really hurt!
You die...

......## #.........
....=..###.........
#)......##..<......
#...(...##.........
....†..##.........
#)Z...# #####....#
##§†...## .##.#
#.gO....## .# .
#.@......# #
#......)........
##...(.........
#####.....#...
..........
###..#.### #..#.#
#..#.# #..


You could see an ogre, a giant gecko zombie and a goblin.

Vanquished Creatures
  Edmund (D:4)
  A centaur skeleton (D:4)
  A hound (D:3)
  Jessica (D:3)
  A hound skeleton (D:4)
  5 adders
  2 worms
  An adder skeleton (D:4)
  A giant gecko (D:1)
  An ooze (D:2)
  3 orcs (D:3)
  3 giant cockroaches
  10 goblins
  7 hobgoblins
  3 quokkas
  12 bats
  2 giant newts
  9 kobolds
  7 rats
  2 ballistomycetes (D:3)
73 creatures vanquished.

Vanquished Creatures (collateral kills)
  2 orcs (D:3)
  3 hobgoblins
  A bat (D:3)
  A giant newt (D:1)
  A quokka (D:3)
  A rat (D:3)
9 creatures vanquished.

Vanquished Creatures (others)
  An orc priest (D:3)
  3 orcs (D:3)
  3 jackals (D:3)
  A giant spore (D:3)
8 creatures vanquished.

Grand Total: 90 creatures vanquished

Notes
Turn   | Place    | Note
--------------------------------------------------------------
     0 | D:1      | faibistes, the Deep Elf Wizard, began the quest for the Orb.
     0 | D:1      | Reached XP level 1. HP: 10/10 MP: 6/6
   356 | D:1      | Reached XP level 2. HP: 15/15 MP: 6/9
   447 | D:1      | Learned a level 2 spell: Blink
   450 | D:1      | Learned a level 2 spell: Call Imp
   872 | D:1      | Reached skill level 5 in Spellcasting
  1188 | D:1      | Reached XP level 3. HP: 19/19 MP: 10/14
  1193 | D:1      | Learned a level 3 spell: Conjure Flame
  1197 | D:1      | Learned a level 3 spell: Mephitic Cloud
  1377 | D:3      | Noticed Jessica
  1665 | D:3      | Killed Jessica
  1772 | D:3      | Reached XP level 4. HP: 24/24 MP: 10/17
  1816 | D:3      | Learned a level 2 spell: Repel Missiles
  1990 | D:5      | Entered Level 5 of the Dungeon
  2672 | D:4      | Reached skill level 6 in Spellcasting
  2672 | D:4      | Reached XP level 5. HP: 28/28 MP: 20/20
  3139 | D:3      | Found a burning altar of Makhleb.
  3326 | D:4      | Noticed Edmund
  3341 | D:4      | Killed Edmund
  3341 | D:4      | Reached XP level 6. HP: 26/32 MP: 22/22
  3669 | D:5      | Noticed an ogre
  3756 | D:5      | Demolished by an ogre

Action                   |  1- 3 |  4- 6 || total
-------------------------+-------+-------++-------
Melee: Unarmed           |     8 |       ||     8
       Club              |     7 |       ||     7
       Dagger            |     4 |    28 ||    32
 Cast: Magic Dart        |    75 |    94 ||   169
       Call Imp          |     4 |       ||     4
       Mephitic Cloud    |     2 |     2 ||     4
       Conjure Flame     |       |     2 ||     2
       Blink             |       |     2 ||     2
       Repel Missiles    |       |     1 ||     1
  Use: Scroll            |       |     2 ||     2
 Stab: Sleeping          |     1 |     1 ||     2
  Eat: Chunk             |     2 |     6 ||     8
